 Dungeon Sprint DCSS version 0.27-a0-1122-g2a214b436d (webtiles) character file.

Game seed: 11847380402188609701

19936 Bapho the Peltast (level 12, -3/128 HPs)
             Began as a Minotaur Fighter on May 3, 2021.
             Was the Champion of Makhleb.
             Killed by vampiric draining
             ... invoked by a vampire
              (5 damage)
             ... while paralysed by a vampire knight
             ... in the Dungeon (Sprint V: "Ziggurat Sprint").
             The game lasted 00:08:06 (1021 turns).

Bapho the Peltast (Minotaur Fighter)                Turns: 1021, Time: 00:08:06

Health: -3/128     AC: 31    Str: 22    XL:     12   Next: 40%
Magic:  27/27      EV:  2    Int: 11    God:    Makhleb [******]
Gold:   0          SH:  0    Dex:  7    Spells: 2/11 levels left

rFire    + + .     SeeInvis .   E - +7 Screaming Sword {vorpal, sonic wave}
rCold    + + +     Faith    .   D - +18 shield of the Gong {rElec rN+ Will+ EV-5}
rNeg     + . .     Spirit   .   F - +9 gold dragon scales
rPois    +         Reflect  +   (helmet restricted)
rElec    +         Harm     .   (no cloak)
rCorr    .         Rampage  .   O - +0 pair of gloves {archery}
Will     +....     NoTele   +   (no boots)
Stlth    ..........             J - amulet of reflection
HPRegen  0.31/turn              S - ring of Rilurph {+Blink rC++ MP+9 Int+4 Dex-5}
MPRegen  0.20/turn              Q - ring of Cynicism {rF+ Str-4 Int+2 Dex+2}

@: paralysed
A: horns 2, retaliatory headbutt
a: Renounce Religion, Evoke Blink, Minor Destruction, Lesser Servant of Makhleb,
Major Destruction, Greater Servant of Makhleb


You were in the Dungeon.
You worshipped Makhleb.
Makhleb was exalted by your worship.
You visited 1 branch

Inventory:

Hand Weapons
 a - a +0 war axe
 E - the +7 Screaming Sword (weapon) {vorpal, sonic wave}
   (You found it in the Dungeon)

   It inflicts extra damage upon your enemies.
 G - a +5 lajatang
Armour
 b - a +0 scale mail
 c - a +0 kite shield
 D - the +18 shield of the Gong (worn) {rElec rN+ Will+ EV-5}
   (You found it in the Dungeon)

   It affects your evasion (-5).
   It insulates you from electricity.
   It protects you from negative energy.
   It increases your willpower.
 F - +9 gold dragon scales (worn)
 O - a +0 pair of gloves of archery (worn)
Jewellery
 w - a ring of flight
 x - a +6 ring of dexterity
 y - a +6 ring of dexterity
 z - a +6 ring of intelligence
 A - a +6 ring of intelligence
 B - a +6 ring of strength
 C - a +6 ring of strength
 H - an amulet of magic regeneration
 J - an amulet of reflection (around neck)
 M - a +4 ring of evasion
 N - a +6 ring of dexterity
 P - the ring "Agesewn" {Ice rN+ Str+4 Int-4 Stlth+}
   (You found it in the Dungeon)

   [ring of ice]

   It enhances your ice magic.
   It affects your strength (+4).
   It affects your intelligence (-4).
   It makes you vulnerable to fire.
   It protects you from cold.
   It protects you from negative energy.
   It makes you more stealthy.
 Q - the ring of Cynicism (right hand) {rF+ Str-4 Int+2 Dex+2}
   (You took it off an orc sorcerer in the Dungeon)

   [ring of protection from fire]

   It affects your strength (-4).
   It affects your intelligence (+2).
   It affects your dexterity (+2).
   It protects you from fire.
 R - a ring of see invisible
 S - the ring of Rilurph (left hand) {+Blink rC++ MP+9 Int+4 Dex-5}
   (You found it in the Dungeon)

   [ring of magical power]

   It affects your intelligence (+4).
   It affects your dexterity (-5).
   It greatly protects you from cold.
   It affects your magic capacity (+9).
   It lets you blink.
 T - the ring "Wacey" {rF- rC+ Str+6 SInv}
   (You found it in the Dungeon)

   [ring of strength]

   It affects your strength (+6).
   It makes you vulnerable to fire.
   It protects you from cold.
   It lets you see invisible.
 U - the ring of the Turtle {rC+ rN+ Int+5}
   (You found it in the Dungeon)

   [ring of protection from cold]

   It affects your intelligence (+5).
   It protects you from cold.
   It protects you from negative energy.
 V - a +4 ring of evasion
 W - a ring of protection from fire
Wands
 t - a wand of mindburst (7)
 u - a wand of iceblast (7)
 v - a wand of acid (7)
Scrolls
 j - 4 scrolls of blinking
 o - 4 scrolls of amnesia
 p - 7 scrolls of fog
 q - a scroll of holy word
 r - 5 scrolls of identify
 s - 2 scrolls of fear
 X - a scroll of brand weapon
 Y - 4 scrolls of enchant weapon
Potions
 d - 6 potions of might
 e - 10 potions of curing
 f - 14 potions of heal wounds
 g - 10 potions of haste
 h - 7 potions of magic
 i - 3 potions of berserk rage
 k - 2 potions of brilliance
 l - 2 potions of invisibility
 m - 4 potions of resistance
 n - a potion of experience
Miscellaneous
 I - a condenser vane
 K - a tin of tremorstones (2/2)
 L - a box of beasts


   Skills:
 + Level 18.6 Fighting
 + Level 18.1 Long Blades
 - Level 4.4 Axes
 + Level 16.8 Armour
 + Level 19.2 Shields
 + Level 9.8 Invocations
 - Level 0.6 Evocations


You had 2 spell levels left.
You knew the following spells:

 Your Spells              Type           Power      Damage    Failure   Level
a - Tornado               Air            0%         N/A       100%        9

Your spell library contained the following spells:

 Spells                   Type           Power      Damage    Failure   Level
 Animate Skeleton         Necr           0%         N/A       100%        1
 Freeze                   Ice            0%         1d3       100%        1
 Magic Dart               Conj           0%         1d3       100%        1
 Sandblast                Erth           0%         2d4       100%        1
 Passwall                 Tmut/Erth      0%         N/A       100%        2
 Poisonous Vapours        Pois/Air       0%         N/A       100%        2
 Searing Ray              Conj           0%         3d3       100%        2
 Static Discharge         Conj/Air       0%         N/A       100%        2
 Mephitic Cloud           Conj/Pois/Air  0%         N/A       100%        3
 Stone Arrow              Conj/Erth      0%         3d7       100%        3
 Swiftness                Air            0%         N/A       100%        3
 Animate Dead             Necr           0%         N/A       100%        4
 Cause Fear               Hex            0%         N/A       100%        4
 Ice Form                 Ice/Tmut       0%         N/A       100%        4
 Passage of Golubria      Tloc           N/A        N/A       100%        4
 Petrify                  Tmut/Erth      0%         N/A       100%        4
 Summon Lightning Spire   Summ/Air       0%         N/A       100%        4
 Bolt of Magma            Conj/Fire/Erth 0%         4d4       100%        5
 Borgnjor's Vile Clutch   Necr/Erth      0%         N/A       100%        5
 Excruciating Wounds      Necr           0%         N/A       100%        5
 Iskenderun's Battlesphe  Conj           0%         2d6       100%        5
 Lee's Rapid Deconstruct  Erth           0%         3d5*      100%        5
 Lightning Bolt           Conj/Air       0%         1d11      100%        5
 Silence                  Hex/Air        0%         N/A       100%        5
 Yara's Violent Unravell  Hex/Tmut       0%         3d3       100%        5
 Death Channel            Necr           0%         N/A       100%        6
 Invisibility             Hex            0%         N/A       100%        6
 Iron Shot                Conj/Erth      0%         9d1       100%        6
 Simulacrum               Ice/Necr       0%         N/A       100%        6
 Orb of Destruction       Conj           0%         N/A       100%        7
 Ozocubu's Refrigeration  Ice            0%         4d5       100%        7
 Spellforged Servitor     Conj/Summ      0%         N/A       100%        7
 Discord                  Hex            0%         N/A       100%        8


Dungeon Overview and Level Annotations

Branches:
Dungeon (1/1)

Altars:
Ashenzari
Cheibriados
Dithmenos
Elyvilon
Fedhas
Gozag
Hepliaklqana
Kikubaaqudgha
Makhleb
Nemelex Xobeh
Okawaru
Qazlal
Ru
Sif Muna
Trog
Uskayaw
Vehumet
Wu Jian
Xom
Yredelemnul
Zin
The Shining One
Beogh
Jiyva
Lugonu

Annotations:
D 1 transporter


Innate Abilities, Weirdness & Mutations

You have a pair of horns on your head.
You reflexively headbutt those who attack you in melee.


Message History

The skeletal warrior hits you but does no damage.
You block the ghoul's attack.
GONNNNG!
The ghoul claws you!
The lich touches you but does no damage.
The vampire casts a spell at itself.
The vampire flickers and vanishes!
You slash the lich!
The lich is moderately damaged.
The vampire knight gestures at you while chanting.
You suddenly lose the ability to move!
The shadow strikes at you from the darkness!
Reactivating autopickup.
The skeletal warrior hits you with a +0 trident!
The lich casts a spell at itself.
The lich flickers and vanishes!
Deactivating autopickup; reactivate with Ctrl-A.
The vampire knight hits you with a +2 great sword!!
The vampire knight bites you but does no damage.
The ghoul claws you but does no damage. The ghoul claws you.
The skeletal warrior hits you with a +0 long sword!
* * * LOW HITPOINT WARNING * * *
Something hits you but does no damage. Something completely misses you.
You hear some strange, mumbled words.
Something tries to affect you, but you resist.
The shadow hits you.
The vampire knight hits you with a +2 great sword!!
* * * LOW HITPOINT WARNING * * *
The vampire knight bites you but does no damage.
The skeletal warrior hits you with a +0 trident.
* * * LOW HITPOINT WARNING * * *
The ghoul claws you but does no damage. x2
The skeletal warrior hits you with a +0 long sword.
* * * LOW HITPOINT WARNING * * *
Something touches you but does no damage.
The vampire knight hits you with a +2 great sword.
* * * LOW HITPOINT WARNING * * *
The vampire knight bites you but does no damage.
Something draws life force from you.
You die...

▓▓▓▓▓▓▓▓▓▓▓▓▓▓▓▓▓▓▓▓▓▓▓
▓....8©8....▓▓.8©8.▓.8©
▓..[:".)[:..▓▓..||.▓.||
▓..|)|):.|..▓▓..[..▓...
▓....)......▓▓.††..▓...
▓....{{z....▓▓.....▓...
▓....n@V....▓▓.....▓...
▓....z.W....▓▓..©..▓..©
▓..▓.....▓..▓▓▓▓▓▓▓▓▓▓▓
▓.▓.▓...▓.▓.▓..8©8...▓.
▓..▓.....▓..▓........▓.
▓.....©.....▓...|....▓.
▓▓▓▓▓▓▓▓▓▓▓▓▓........▓.
▓....8©8....▓..).....▓.
▓.....[)....▓...))...▓.


You could see a ghoul, a vampire knight (fast), 2 skeletal warriors and a
shadow.

Vanquished Creatures
  2 nagarajas (D)
  2 very ugly things (D)
  A two-headed ogre (D)
  3 dancing weapons (D)
  A death scarab (D)
  An orc high priest (D)
  A hell hog (D)
  A fire crab (shapeshifter) (D)
  A deep elf archer (D)
  An orc sorcerer (D)
  An elephant (shapeshifter) (D)
  A faun (shapeshifter) (D)
  2 toenail golems (D)
  A shining eye (shapeshifter) (D)
  3 black mambas (D)
  A guardian serpent (D)
  A naga mage (D)
  A water nymph (shapeshifter) (D)
  An orange demon (D)
  A hellion (D)
  A rime drake (D)
  2 tormentors (D)
  A guardian mummy (D)
  A troll (shapeshifter) (D)
  A troll (D)
  A dream sheep (shapeshifter) (D)
  2 flying skulls (D)
  2 shadows (D)
  2 spriggans (D)
  2 wargs (D)
  2 nagas (D)
  3 hell hounds (D)
  A water moccasin (D)
  7 orc warriors (D)
  A floating eye (shapeshifter) (D)
  3 swamp drakes (D)
  2 black bears (D)
  An ogre (D)
  2 necrophages (D)
  A wolf (D)
  5 earth elementals (D)
  2 wights (D)
  3 crimson imps (D)
  An iron imp (D)
  An orc priest (D)
  2 orc wizards (D)
  4 mummies (D)
  An adder (D)
  A shadow imp (D)
  2 ufetubi (D)
  2 adder skeletons (D)
  2 adder zombies (D)
  2 orcs (D)
  2 ball pythons (D)
  A bat skeleton (D)
  A ball python simulacrum (D)
  2 ball python skeletons (D)
  A ball python zombie (D)
  A giant cockroach zombie (D)
  A jackal skeleton (D)
  3 quokka skeletons (D)
105 creatures vanquished.

Vanquished Creatures (others)
  A bat zombie (D)
1 creature vanquished.

Grand Total: 106 creatures vanquished

Notes
Turn   | Place    | Note
-------+----------+-------------------------------------------
     0 | D        | Bapho the Minotaur Fighter began the quest for the Orb.
     0 | D        | Reached XP level 1. HP: 19/19 MP: 0/0
     2 | D        | Found a blossoming altar of Fedhas.
     3 | D        | Found the +6 Majin-Bo {vamp, MP+6 Int+6}
     3 | D        | Found the +9 heavy crossbow "Sniper" {vorpal, Acc+∞ SInv}
     3 | D        | Found the +10 dark maul {vorpal}
     3 | D        | Found the +15 Maxwell's patent armour {-Cast -Tele rElec
                  | Will+ rCorr}
     3 | D        | Found the +18 shield of the Gong {rElec rN+ Will+ EV-5}
     3 | D        | Found the +14 obsidian axe {vorpal, Drain Fly SInv}
     3 | D        | Found the +7 great mace "Firestarter" {inner flame, rF++}
     3 | D        | Found the +6 shillelagh "Devastator" {shatter}
     3 | D        | Found the +11 plutonium sword {Contam Stlth-}
     3 | D        | Found the +8 lance "Wyrmbane" {slay drac, rPois rF+ rC+
                  | AC+3}
     3 | D        | Found the +9 sword of Zonguldrok {reap}
     3 | D        | Found the +13 scythe of Curses {drain, Drain}
     3 | D        | Found the +5 sword of Power {vorpal}
     3 | D        | Found the +7 mace of Variability {chain chaos}
     3 | D        | Found the +7 Singing Sword {vorpal, sonic wave}
     3 | D        | Found the +8 storm bow {elec, penet}
     5 | D        | Found a shimmering blue altar of Sif Muna.
     5 | D        | Found a sacrificial altar of Ru.
     5 | D        | Found a bloodstained altar of Trog.
     5 | D        | Found a stormy altar of Qazlal.
     5 | D        | Found an iron altar of Okawaru.
     5 | D        | Found a sparkling altar of Nemelex Xobeh.
     7 | D        | Found a transporter.
     7 | D        | Found an ancient bone altar of Kikubaaqudgha.
     7 | D        | Found a viscous altar of Jiyva.
     7 | D        | Found a corrupted altar of Lugonu.
     7 | D        | Found a hazy altar of Hepliaklqana.
     7 | D        | Found a burning altar of Makhleb.
     7 | D        | Found an opulent altar of Gozag.
    69 | D        | Became a worshipper of Makhleb the Destroyer
    98 | D        | Entered arena 2.
    98 | D        | Noticed a wight
    98 | D        | Found a transporter.
   109 | D        | Killed a wight
   110 | D        | Reached skill level 5 in Fighting
   110 | D        | Reached skill level 5 in Armour
   110 | D        | Reached skill level 5 in Shields
   110 | D        | Reached XP level 2. HP: 14/29 MP: 1/1
   110 | D        | Reached XP level 3. HP: 17/36 MP: 2/2
   263 | D        | Entered arena 3.
   263 | D        | Found a transporter.
   268 | D        | Reached * piety under Makhleb
   269 | D        | Reached skill level 6 in Shields
   271 | D        | Reached XP level 4. HP: 44/44 MP: 3/3
   278 | D        | Entered arena 4.
   278 | D        | Noticed a rime drake
   278 | D        | Noticed a swamp drake
   278 | D        | Noticed a swamp drake
   278 | D        | Noticed a swamp drake
   278 | D        | Found a transporter.
   281 | D        | Killed a swamp drake
   281 | D        | Reached ** piety under Makhleb
   282 | D        | Reached skill level 5 in Long Blades
   282 | D        | Reached skill level 7 in Shields
   282 | D        | Reached XP level 5. HP: 52/52 MP: 4/4
   282 | D        | Killed a swamp drake
   283 | D        | Reached skill level 8 in Shields
   283 | D        | Killed a swamp drake
   284 | D        | Reached skill level 9 in Shields
   284 | D        | Reached XP level 6. HP: 62/62 MP: 5/5
   284 | D        | Killed a rime drake
   285 | D        | Reached skill level 10 in Shields
   285 | D        | Reached XP level 7. HP: 70/70 MP: 6/6
   292 | D        | Entered arena 5.
   292 | D        | Noticed a +1 vorpal hand axe
   292 | D        | Noticed a +2 scimitar of holy wrath
   292 | D        | Noticed a +4 vorpal war axe
   292 | D        | Noticed a deep elf archer
   292 | D        | Found a transporter.
   295 | D        | Killed a +1 vorpal hand axe
   295 | D        | Reached *** piety under Makhleb
   296 | D        | Reached skill level 10 in Fighting
   296 | D        | Reached skill level 10 in Long Blades
   296 | D        | Reached skill level 12 in Shields
   296 | D        | Reached XP level 8. HP: 70/81 MP: 7/7
   297 | D        | Killed a +2 scimitar of holy wrath
   298 | D        | Reached skill level 13 in Shields
   301 | D        | Killed a +4 vorpal war axe
   302 | D        | Reached XP level 9. HP: 44/90 MP: 8/8
   312 | D        | Killed a deep elf archer
   312 | D        | Reached **** piety under Makhleb
   313 | D        | Reached skill level 14 in Shields
   475 | D        | Entered arena 6.
   475 | D        | Found a transporter.
   484 | D        | Reached ***** piety under Makhleb
   496 | D        | Entered arena 7.
   496 | D        | Noticed an orange demon
   497 | D        | Found a transporter.
   505 | D        | Killed an orange demon
   506 | D        | Reached skill level 15 in Shields
   517 | D        | Entered arena 8.
   517 | D        | Noticed a death scarab
   517 | D        | Noticed a guardian mummy
   518 | D        | Found a transporter.
   524 | D        | Killed a death scarab
   524 | D        | Reached ****** piety under Makhleb
   525 | D        | Reached XP level 10. HP: 100/100 MP: 9/9
   536 | D        | Reached skill level 16 in Shields
   556 | D        | Entered arena 9.
   556 | D        | Noticed a toenail golem
   556 | D        | Noticed a toenail golem
   557 | D        | Noticed a balrug
   562 | D        | Killed a toenail golem
   562 | D        | Killed a toenail golem
   563 | D        | Reached skill level 15 in Long Blades
   563 | D        | Reached skill level 1 in Invocations
   564 | D        | Found a transporter.
   574 | D        | Entered arena 10.
   575 | D        | Found a transporter.
   586 | D        | Got the Grimoire of the Tuna
   601 | D        | Entered arena 11.
   602 | D        | Found a transporter.
   628 | D        | Got the ring "Agesewn" {Ice rN+ Str+4 Int-4 Stlth+}
   632 | D        | Entered arena 12.
   632 | D        | Noticed a mana viper
   632 | D        | Noticed a cyclops
   632 | D        | Noticed a faun
   632 | D        | Noticed a manticore
   632 | D        | a mana viper changed into a swamp worm
   632 | D        | Noticed a brown very ugly thing
   633 | D        | Found the +9 staff of Olgreb {rPois∞}
   633 | D        | Noticed a white very ugly thing
   633 | D        | Noticed a faun
   633 | D        | Noticed an elephant
   633 | D        | Noticed a glowing shapeshifter
   633 | D        | a manticore changed into a glowing shapeshifter
   634 | D        | Found a transporter.
   634 | D        | Noticed a lindwurm
   634 | D        | a cyclops changed into a lindwurm
   634 | D        | Noticed a cyclops
   634 | D        | a glowing shapeshifter changed into a cyclops
   635 | D        | a faun changed into a dream sheep
   635 | D        | Noticed a death drake
   635 | D        | a lindwurm changed into a death drake
   637 | D        | Killed a faun
   637 | D        | Noticed a sea snake
   637 | D        | a slime creature changed into a sea snake
   637 | D        | Noticed a faun
   637 | D        | a cyclops changed into a faun
   638 | D        | Reached skill level 17 in Shields
   639 | D        | Killed an elephant
   639 | D        | a sea snake changed into a slime creature
   639 | D        | Noticed a fire crab
   639 | D        | a death drake changed into a fire crab
   639 | D        | Noticed a mana viper
   639 | D        | a faun changed into a mana viper
   641 | D        | Noticed a shining eye
   641 | D        | a snapping turtle changed into a shining eye
   641 | D        | Noticed a water nymph
   641 | D        | a slime creature changed into a water nymph
   641 | D        | a mana viper changed into a wind drake
   643 | D        | Killed a shining eye
   643 | D        | Killed a brown very ugly thing
   644 | D        | Reached skill level 5 in Invocations
   644 | D        | Reached XP level 11. HP: 111/111 MP: 11/13
   645 | D        | Reached skill level 15 in Fighting
   645 | D        | Killed a white very ugly thing
   646 | D        | Reached skill level 15 in Armour
   648 | D        | Killed a fire crab
   658 | D        | Got the Almanac of Feathers and Evil
   670 | D        | Learned a level 9 spell: Tornado
   672 | D        | Entered arena 13.
   672 | D        | Noticed an orc high priest
   672 | D        | Noticed a two-headed ogre
   673 | D        | Identified the +6 hand axe of the Singing Rat {vorpal, rN+
                  | Int+7 SInv}
   673 | D        | Identified the ring "Arrureol" {Str+6 SInv}
   673 | D        | Identified the ring of Cynicism {rF+ Str-4 Int+2 Dex+2}
   673 | D        | Noticed an orc sorcerer
   674 | D        | Found a transporter.
   677 | D        | Reached skill level 18 in Shields
   678 | D        | Killed an orc high priest
   678 | D        | Killed an orc sorcerer
   679 | D        | Killed a two-headed ogre
   691 | D        | Got the Grimoire of the Eggplant
   698 | D        | Entered arena 14.
   700 | D        | Noticed a hell hog
   701 | D        | Found a transporter.
   711 | D        | Killed a hell hog
   725 | D        | Got the ring of Rilurph {+Blink rC++ MP+9 Int+4 Dex-5}
   727 | D        | Got the ring "Wacey" {rF- rC+ Str+6 SInv}
   967 | D        | Entered arena 15.
   969 | D        | Identified the +2 scimitar "Aquiq" {vamp, +Blink}
   969 | D        | Noticed a nagaraja
   969 | D        | Noticed a nagaraja
   970 | D        | Found a transporter.
   973 | D        | Reached XP level 12. HP: 123/125 MP: 17/17
   978 | D        | Killed a nagaraja
   979 | D        | Reached skill level 19 in Shields
   982 | D        | Killed a nagaraja
   994 | D        | Got the ring of the Turtle {rC+ rN+ Int+5}
  1010 | D        | Entered arena 16.
  1011 | D        | Noticed a ghoul
  1012 | D        | Noticed a lich
  1012 | D        | Noticed a vampire knight
  1013 | D        | Found a transporter.
  1019 | D        | Paralysed by a vampire knight for 6 turns
  1020 | D        | HP: 6/128 [skeletal warrior/+0 long sword (6)]
  1021 | D        | HP: 2/128 [vampire knight/+2 great sword (5)]
  1021 | D        | Killed from afar by a vampire

Illustrated notes

Levels and vault maps discovered:
D:        sprint_v [room_start, room_1, room_2, room_3, room_4, room_5, room_6,
          room_7, room_8, room_9, room_10, room_11, room_12, room_13, room_14,
          room_15, room_16, room_17, room_18, room_19, room_20, room_21,
          room_22, room_23, room_24, room_25, room_26, room_27]

Skill      XL: |  1  2  3  4  5  6  7  8  9 10 11 12 |
---------------+-------------------------------------+-----
Fighting       | 5 6 7 8 9 10 11 12 14 17 18 | 18.6
Long Blades    | 2 3 5 6 8 10 12 14 16 17 18 | 18.1
Axes           | 3 4 |  4.4
Armour         | 5 6 7 8 9 11 12 13 14 16 | 16.8
Shields        | 5 6 7 9 10 12 13 15 17 18 19 | 19.2
Invocations    | 5 8 9 |  9.8
Evocations     | |  0.6

Action                   |  1- 3 |  4- 6 |  7- 9 | 10-12 || total
-------------------------+-------+-------+-------+-------++-------
Melee: Double sword      |    14 |     4 |    30 |    80 ||   128
       Headbutt          |     1 |     1 |     9 |    14 ||    25
Invok: Greater Servant o |       |       |       |     1 ||     1
Evoke: Condenser vane    |       |       |     1 |       ||     1
  Use: Scroll            |       |       |     4 |       ||     4
Armor: Gold dragon scale |     3 |     1 |    17 |    36 ||    57
Dodge: Dodged            |       |       |       |     2 ||     2
Block: Kite shield       |    21 |     4 |    60 |   134 ||   219
       Reflection        |       |       |       |     7 ||     7

Table legend: (Time is in decaauts)
 A = Elapsed time spent in this place.
 B = Non-inter-level travel time spent in this place.
 C = Inter-level travel time spent in this place.
 D = Time resting spent in this place.
 E = Time spent auto-exploring this place.
 F = Levels seen in this place.
 G = Mean time per level.
                   A        B        C        D        E       F      G
               +--------+--------+--------+--------+--------+-----+--------+
         Total |   1014 |   1014 |      0 |    516 |      0 |   1 | 1014.0 |
       Dungeon |   1014 |   1014 |      0 |    516 |      0 |   1 | 1014.0 |
               +--------+--------+--------+--------+--------+-----+--------+

Top non-repeatable levels by time:
       D: 1014 daAuts
